AoeStats
← el gordo eduardo

Arena

507363846Analyzed
2v2 RM · 14d ago on Sep 17, 2026· 30m 24s· 4 players
Game mode
Random Map
Map size
Medium (4 player)
Population
200
Speed
Normal
Resources
Standard
Victory
Conquest
Starting age
Dark Age
Ending age
Imperial Age
RankedLock teamsTeams togetherTeam positionsShared explorationLock speedFull tech treeHidden civsTurbo modeCheats
Victory
Defeat
🇩🇪 Poles · Germany
617
+8
🇨🇱 Spanish · Chile
305
+20
🇦🇷 Byzantines · Argentina
428
-14
🇦🇷 Italians · Argentina
407
-14
Logo
16:39 Feudal Age
17:33 Double-Bit Axe
17:42 Horse Collar
18:00 Stone Mining
19:19 Forging
19:09 Scale Mail Armor
19:14 Padded Archer Armor
21:30 Wheelbarrow
26:09 Castle Age
24:12 Fletching
24:20 Gold Mining
27:06 Pikeman
27:47 Squires
27:13 Elite Skirmisher
29:41 Iron Casting
el gordo eduardo
12:12 Feudal Age
12:58 Double-Bit Axe
12:56 Horse Collar
15:55 Gold Mining
22:41 Castle Age
21:30 Stone Mining
23:04 Forging
22:55 Scale Mail Armor
23:40 Bow Saw
23:55 Pikeman
25:04 Crossbowman
26:58 Squires
28:44 Fletching
Chelito
0:29 Loom
11:55 Feudal Age
14:19 Wheelbarrow
13:39 Double-Bit Axe
13:59 Arson
15:42 Horse Collar
16:14 Town Watch
18:33 Stone Mining
18:34 Gold Mining
20:29 Scale Barding Armor
23:16 Bloodlines
25:29 Castle Age
24:32 Scale Mail Armor
24:43 Forging
24:24 Fletching
24:35 Padded Archer Armor
26:05 Pikeman
26:46 Squires
26:10 Crossbowman
26:56 Husbandry
26:17 Light Cavalry
28:03 Chain Barding Armor
30:09 Szlachta Privileges
30:14 Thumb Ring
ragurto
10:06 Feudal Age
12:37 Wheelbarrow
11:45 Horse Collar
12:19 Double-Bit Axe
18:17 Gold Mining
19:09 Bloodlines
23:03 Castle Age
21:20 Forging
21:22 Scale Mail Armor
21:49 Man-at-Arms
22:56 Stone Mining
23:20 Scale Barding Armor
23:23 Padded Archer Armor
24:14 Pikeman
24:16 Long Swordsman
24:42 Gambesons
24:58 Squires
26:27 Hand Cart
31:03 Chain Mail Armor
31:24 Iron Casting
Connection lost

Rejoining the realm…

Still unreachable

The connection could not be restored.

Session expired

The server has moved on; the page needs a fresh start.